[Event "Titled Tuesday Blitz May 4 2021"]
[White "Ibrayev, Nurlan"]
[Black "Hess, Robert"]
[WhiteFideId "13700650"]
[BlackFideId "2022036"]
[WhiteElo "2366"]
[BlackElo "2557"]
[Result "0-1"]
[Round "03"]
[TimeControl "180+1"]
[Date "2021.05.04"]
[WhiteClock "0:00:02"]
[BlackClock "0:00:03"]

1. d4 g6 2. e4 Bg7 3. Nc3 a6 4. Be3 d6 5. Qd2 b5 6. O-O-O Bb7 7. f3 Nd7 8. Kb1 Rc8 9. h4 h5 10. Nh3 c5 11. Ng5 cxd4 12. Bxd4 Ngf6 13. Nd5 Bxd5 14. exd5 Nb6 15. Bxb6 Qxb6 16. Re1 Rc7 17. Bd3 O-O 18. g4 Qd4 19. c3 Qxd5 20. Qc2 hxg4 21. fxg4 Nxg4 22. Rhg1 Nf6 23. h5 Nxh5 24. Be4 Qc5 25. Nf3 b4 26. Rg5 Qb6 27. c4 f5 28. Bd5+ Kh7 29. Rh1 Bh6 30. Rhxh5 gxh5 31. Rxf5 Kg7 0-1


[Site "https://www.chess.com"]

[Event "Titled Tuesday Blitz May 4 2021"]
[White "Iljushina, Olga"]
[Black "Zhurbinsky, David"]
[WhiteFideId "4152280"]
[BlackFideId "2072904"]
[WhiteElo "1967"]
[BlackElo "2477"]
[Result "0-1"]
[Round "03"]
[TimeControl "180+1"]
[Date "2021.05.04"]
[WhiteClock "0:01:04"]
[BlackClock "0:00:41"]

1. d4 e5 2. d5 Nf6 3. c4 d6 4. Nc3 Be7 5. e4 O-O 6. Bd3 a5 7. Nge2 Na6 8. Be3 Ng4 9. Bd2 f5 10. exf5 Bxf5 11. Bxf5 Rxf5 12. O-O Bh4 13. Ng3 Bxg3 14. Qxg4 Bf4 15. Qxf5 Bxd2 16. Ne4 Bh6 17. g4 Qh4 18. Qh5 Qxh5 19. gxh5 Rf8 20. f3 Nb4 21. a3 Nc2 22. Rac1 Bxc1 23. Rxc1 Nd4 24. c5 Ne2+ 25. Kf2 Nxc1 26. cxd6 cxd6 27. Nxd6 Nd3+ 28. Ke3 Nxb2 29. Nxb7 Nc4+ 30. Ke4 Rb8 31. Nc5 Kf7 32. Nd7 Rd8 33. Nxe5+ Nxe5 34. Kxe5 Ke7 35. f4 Rd6 36. f5 Rh6 0-1


[Site "https://www.chess.com"]

[Event "Titled Tuesday Blitz May 4 2021"]
[White "Iniyan, P"]
[Black "Piesik, Piotr"]
[WhiteFideId "25002767"]
[BlackFideId "1136194"]
[WhiteElo "2400"]
[BlackElo "2369"]
[Result "1-0"]
[Round "03"]
[TimeControl "180+1"]
[Date "2021.05.04"]
[WhiteClock "0:00:11"]
[BlackClock "0:00:16"]

1. e4 g6 2. Nf3 Bg7 3. d4 c6 4. Nc3 d6 5. Be2 Nf6 6. O-O O-O 7. a4 Nbd7 8. a5 e5 9. Be3 Qe7 10. d5 cxd5 11. Nxd5 Nxd5 12. Qxd5 Nf6 13. Qd3 Be6 14. c4 Rac8 15. b3 a6 16. Rfd1 Rc6 17. Nd2 Ng4 18. Bxg4 Bxg4 19. f3 Be6 20. Nb1 f5 21. Nc3 fxe4 22. Nxe4 Bf5 23. Rd2 Qc7 24. Bb6 Qd7 25. Be3 Qc7 26. Qe2 Bxe4 27. fxe4 Rf7 28. Rd5 Qe7 29. Rad1 Bf6 30. Qd2 Qc7 31. Bb6 Qc8 32. Rxd6 Rxd6 33. Qxd6 Qg4 34. Qd3 Be7 35. h3 Qh4 36. Qd5 Qf4 37. Kh1 Bh4 38. Bg1 Bg3 39. Rd3 Qh4 40. Rf3 Bf4 41. Qe6 Kg7 42. Bf2 Qd8 43. g3 Qd1+ 44. Kg2 Rf6 45. Qe7+ Rf7 46. Qe6 Rf6 47. Qd5 Qxd5 48. exd5 Bd2 49. Rxf6 Kxf6 50. Bb6 e4 51. Kf2 Ke5 52. Ke2 Bh6 53. Bc7+ Kf6 54. Bf4 Bf8 55. Ke3 g5 56. Bc7 1-0


[Site "https://www.chess.com"]

[Event "Titled Tuesday Blitz May 4 2021"]
[White "Iskusnyh, Sergei"]
[Black "Srisshhhtea"]
[WhiteFideId "4120027"]
[WhiteElo "2492"]
[BlackElo "2372"]
[Result "1-0"]
[Round "03"]
[TimeControl "180+1"]
[Date "2021.05.04"]
[WhiteClock "0:01:00"]
[BlackClock "0:01:20"]

1. d4 Nf6 2. c4 c5 3. d5 b5 4. Qc2 bxc4 5. e4 d6 6. Nf3 g6 7. Be2 Bg7 8. O-O O-O 9. Na3 Nbd7 10. Nxc4 Nb6 11. Bd2 Nxc4 12. Bxc4 Nd7 13. Bc3 Nb6 14. Bb5 Bd7 15. a4 a6 16. Be2 Qc7 17. Rfd1 Rfb8 18. e5 Bf5 19. Qd2 Be4 20. Ng5 Bxd5 21. a5 Nc4 22. Qxd5 Nxe5 23. Bxe5 e6 24. Qxd6 Bxe5 25. Qxc7 Bxc7 26. Rd7 Bf4 27. Nxf7 Rxb2 28. Bc4 Re8 29. g3 Bd2 30. Nd6 Bc3 31. Nxe8 Bd4 32. Rf1 Kf8 33. Nc7 e5 34. Ne6+ Ke8 1-0


[Site "https://www.chess.com"]

[Event "Titled Tuesday Blitz May 4 2021"]
[White "Ismayil, Malak"]
[Black "freshfoodcompany"]
[WhiteFideId "13412604"]
[WhiteElo "1879"]
[BlackElo "2369"]
[Result "0-1"]
[Round "03"]
[TimeControl "180+1"]
[Date "2021.05.04"]
[WhiteClock "0:00:01"]
[BlackClock "0:00:12"]

1. e4 c6 2. d4 d5 3. exd5 cxd5 4. Bd3 Nc6 5. c3 Nf6 6. h3 g6 7. Nf3 Bg7 8. O-O O-O 9. Bb5 Qb6 10. Bxc6 bxc6 11. Nbd2 Ba6 12. Re1 Rfe8 13. Ne5 Rad8 14. Nb3 Ne4 15. Be3 Bc4 16. f3 Bxb3 17. axb3 Nd6 18. Nd3 Nf5 19. Bf2 Qc7 20. Qd2 Bh6 21. Qc2 Bg7 22. Ra6 Ra8 23. Nb4 Qb7 24. Rea1 Nxd4 25. Qd1 Nb5 26. Nxc6 Nc7 27. Nb4 Nxa6 28. Nxa6 Red8 29. Nc5 Qc6 30. b4 e5 31. Ra6 Qc8 32. Ra5 d4 33. cxd4 exd4 34. Qd3 Qb8 35. b5 Qb6 36. b4 Rac8 37. Ra6 Qb8 38. Ra1 Rd5 39. Rc1 Rcd8 40. Rc4 Qxb5 41. Rxd4 Qxd3 42. Rxd3 Rxd3 43. Nxd3 Rxd3 44. Bxa7 Rb3 0-1


[Site "https://www.chess.com"]

[Event "Titled Tuesday Blitz May 4 2021"]
[White "Ivanisevic, Ivan"]
[Black "Quesada Perez, Yasser"]
[WhiteFideId "912417"]
[BlackFideId "3509362"]
[WhiteElo "2525"]
[BlackElo "2420"]
[Result "0-1"]
[Round "03"]
[TimeControl "180+1"]
[Date "2021.05.04"]
[WhiteClock "0:00:09"]
[BlackClock "0:00:11"]

1. d4 d5 2. c4 dxc4 3. e3 e5 4. Bxc4 exd4 5. exd4 Nf6 6. Nf3 Bd6 7. Qe2+ Qe7 8. Qxe7+ Kxe7 9. Nc3 Be6 10. Bxe6 fxe6 11. Bg5 Kd7 12. O-O-O Nd5 13. Ne5+ Bxe5 14. dxe5 c6 15. Ne4 Na6 16. Rd3 Rhf8 17. Rg3 Rf7 18. Bd2 h6 19. h4 b6 20. h5 Nac7 21. Nd6 Re7 22. Rh4 Ne8 23. Rhg4 Nxd6 24. exd6 Kxd6 25. Rxg7 Rf8 26. Bxh6 Rxf2 27. Rxe7 Nxe7 28. Bg7 Nf5 29. h6 Nxg3 30. h7 Rf1+ 31. Kc2 Rh1 32. h8=Q Rxh8 33. Bxh8 Kd5 34. Kd3 e5 35. Ke3 Nf5+ 36. Kf3 Nh4+ 37. Kf2 Ke4 38. g3 Ng6 39. Bf6 c5 40. Bg5 c4 41. Bd2 b5 42. Bb4 a6 43. Ke2 Nh8 44. Bd2 Nf7 45. g4 Nh8 46. Kf2 Ng6 47. Kg3 Kd3 48. Ba5 e4 49. Bb6 e3 50. Ba5 Kc2 51. Kf3 Kxb2 52. Kxe3 c3 53. Ke4 c2 54. Bd2 Kxa2 55. g5 b4 56. Kf5 b3 57. Kxg6 b2 58. Kh7 c1=Q 59. Bxc1 bxc1=Q 60. g6 Qg5 0-1


[Site "https://www.chess.com"]

[Event "Titled Tuesday Blitz May 4 2021"]
[White "Jain, Naveen"]
[Black "Tomb, Maroun"]
[WhiteFideId "5003970"]
[BlackFideId "5300398"]
[WhiteElo "2036"]
[BlackElo "2568"]
[Result "0-1"]
[Round "03"]
[TimeControl "180+1"]
[Date "2021.05.04"]
[WhiteClock "0:00:06"]
[BlackClock "0:00:14"]

1. c4 Nf6 2. g3 d6 3. Bg2 Nbd7 4. Nf3 e5 5. d3 Be7 6. O-O O-O 7. Nc3 c6 8. Rb1 a5 9. a3 Re8 10. b4 axb4 11. axb4 Bf8 12. b5 d5 13. bxc6 bxc6 14. cxd5 cxd5 15. Bg5 h6 16. Bd2 Bc5 17. Na4 Ba7 18. Qb3 e4 19. dxe4 dxe4 20. Ne1 Rb8 21. Qc2 Rxb1 22. Qxb1 e3 23. Bxe3 Bxe3 24. fxe3 Qa5 25. Nb2 Ba6 26. Ned3 Ng4 27. Qa1 Qb6 28. Nd1 Bxd3 29. exd3 Nxe3 30. Nxe3 Qxe3+ 31. Kh1 Qxd3 32. Bc6 Re2 33. Bg2 Nf6 34. Re1 Qe3 35. Rxe2 Qxe2 36. Qf1 Qe5 37. Qf3 g6 38. h3 h5 39. Qa8+ Kg7 40. Qf3 Qe1+ 41. Kh2 Qe6 42. Qf2 Qd6 43. Kh1 Nd7 44. Qf3 Ne5 45. Qd5 Qf6 46. Kh2 h4 47. gxh4 Qf4+ 48. Kh1 Qc1+ 49. Kh2 Qf4+ 50. Kh1 f5 51. Qb7+ Kh6 52. h5 Kxh5 53. Qa8 Qc1+ 54. Kh2 Qc7 55. Qh8+ Kg5 56. h4+ Kg4 57. Qh6 Nf3+ 0-1


[Site "https://www.chess.com"]

[Event "Titled Tuesday Blitz May 4 2021"]
[White "Janaszak, Dawid"]
[Black "Gritsenko, Nikolai"]
[WhiteFideId "1119206"]
[BlackFideId "14112493"]
[WhiteElo "2332"]
[BlackElo "2389"]
[Result "1-0"]
[Round "03"]
[TimeControl "180+1"]
[Date "2021.05.04"]
[WhiteClock "0:00:36"]
[BlackClock "0:00:06"]

1. e4 d5 2. Nc3 d4 3. Nce2 e5 4. d3 f5 5. exf5 Bxf5 6. Ng3 Bg6 7. Be2 Bd6 8. Bh5 Nf6 9. Bxg6+ hxg6 10. Bd2 c5 11. Nf3 Nc6 12. Ng5 Qe7 13. Qe2 O-O-O 14. O-O-O Kb8 15. Kb1 Bc7 16. h3 Rhe8 17. N3e4 Nd5 18. Rhe1 b5 19. Qf3 Rf8 20. Qg4 Rf6 21. Nxf6 gxf6 22. Qe6 Qd7 23. Qxd7 Rxd7 24. Ne4 c4 25. h4 Bb6 26. g4 c3 27. Bc1 cxb2 28. Bxb2 b4 29. h5 gxh5 30. gxh5 Nc3+ 31. Bxc3 bxc3 32. Rh1 Bd8 33. Rdg1 Rb7+ 34. Kc1 Nb4 35. a3 Na2+ 36. Kd1 Rb1+ 37. Ke2 Rb2 38. h6 Rxc2+ 39. Kf3 f5 40. Rg8 fxe4+ 41. Kxe4 Kc7 42. Rxd8 Rxf2 43. h7 c2 44. h8=Q 1-0


[Site "https://www.chess.com"]

[Event "Titled Tuesday Blitz May 4 2021"]
[White "Jarovinsky, Alexey"]
[Black "Isajevsky, Anton"]
[WhiteFideId "14115131"]
[BlackFideId "4142500"]
[WhiteElo "2446"]
[BlackElo "2510"]
[Result "1-0"]
[Round "03"]
[TimeControl "180+1"]
[Date "2021.05.04"]
[WhiteClock "0:00:05"]
[BlackClock "0:00:05"]

1. Nc3 c5 2. e4 d6 3. Bb5+ Bd7 4. a4 g6 5. Nge2 Bg7 6. d3 Nc6 7. Bxc6 Bxc6 8. Be3 Nf6 9. Qc1 d5 10. Bh6 O-O 11. Bxg7 Kxg7 12. Ng3 e6 13. O-O b6 14. Qf4 h6 15. h3 a6 16. Rfe1 Qb8 17. e5 Nd7 18. h4 Qc7 19. Nb1 b5 20. a5 Kh7 21. Qe3 d4 22. Qe2 Bd5 23. Nd2 c4 24. f4 Rac8 25. Nf3 cxd3 26. cxd3 Qc2 27. Nxd4 Qxe2 28. Rxe2 Nc5 29. Rd2 Rfd8 30. b4 Na4 31. Nge2 Rc7 32. Re1 Rdc8 33. Kf2 Kg7 34. g4 Nc3 35. f5 exf5 36. gxf5 Nxe2 37. Rdxe2 Rc1 38. e6 fxe6 39. fxe6 Rf8+ 40. Kg3 Rxe1 41. Rxe1 Re8 42. Re5 Ba2 43. Rc5 Bxe6 44. Rc7+ Kg8 45. Rc6 Bc8 46. Rxg6+ Kh7 47. Rf6 Rd8 48. Rf4 Kg6 49. Kf3 h5 50. Ke3 Bg4 51. Kd2 Rc8 52. Re4 Rd8 53. Ke3 Rc8 54. Re5 Rd8 55. Rg5+ Kf6 56. Rc5 Re8+ 57. Kd2 Rd8 58. Kc3 Rd6 59. Rc6 Ke5 60. Rxd6 Kxd6 61. Kd2 Kd5 62. Ke3 Bd1 63. Ne2 Ke5 64. Nf4 Bg4 65. d4+ Kf5 66. Nd3 Ke6 67. Nc5+ Kd5 68. Nxa6 Kc4 69. Ke4 1-0


[Site "https://www.chess.com"]

[Event "Titled Tuesday Blitz May 4 2021"]
[White "Jaskolka, Tomasz"]
[Black "Nefedov, Sergey"]
[WhiteFideId "1170791"]
[BlackFideId "24113417"]
[WhiteElo "2050"]
[BlackElo "2385"]
[Result "0-1"]
[Round "03"]
[TimeControl "180+1"]
[Date "2021.05.04"]
[WhiteClock "0:00:07"]
[BlackClock "0:00:08"]

1. d4 Nf6 2. c4 e6 3. Nf3 d5 4. Nc3 c6 5. cxd5 exd5 6. Bg5 Be7 7. e3 Bf5 8. Be2 O-O 9. O-O Nbd7 10. Nh4 Be4 11. Nxe4 Nxe4 12. Bxe7 Qxe7 13. Nf5 Qg5 14. Ng3 f5 15. f4 Qe7 16. Qd3 Rae8 17. Nxe4 Qxe4 18. Qxe4 Rxe4 19. Rf3 Rfe8 20. Kf2 Nf6 21. h3 g6 22. Bd3 R4e7 23. Ke2 h5 24. Kd2 h4 25. b4 b6 26. Rc1 Rc7 27. Ba6 Kf7 28. Kd3 Ne4 29. Bb5 Rec8 30. Ba6 Rd8 31. Rff1 c5 32. bxc5 bxc5 0-1


[Site "https://www.chess.com"]

[Event "Titled Tuesday Blitz May 4 2021"]
[White "Jian, Alex"]
[Black "Poormosavi, Seyed Kian"]
[WhiteFideId "30901022"]
[BlackFideId "12585807"]
[WhiteElo "2084"]
[BlackElo "2134"]
[Result "0-1"]
[Round "03"]
[TimeControl "180+1"]
[Date "2021.05.04"]
[WhiteClock "0:00:02"]
[BlackClock "0:00:24"]

1. d4 Nf6 2. c4 e6 3. Nc3 Bb4 4. Qc2 O-O 5. a3 Bxc3+ 6. Qxc3 b6 7. Bg5 d6 8. f3 Nbd7 9. e4 h6 10. Be3 e5 11. Ne2 c5 12. d5 Nh7 13. Ng3 Qh4 14. Bd3 Ndf6 15. Bf2 Nh5 16. Nf5 Qf6 17. g4 Nf4 18. O-O-O Ng5 19. Bh4 Ng2 20. Bg3 Nh3 21. Kb1 g6 22. Bf1 Ngf4 23. Bh4 Ng5 24. Nxh6+ Kg7 25. Nf5+ gxf5 26. gxf5 Kh7 27. Rg1 Rg8 28. Bg3 Nh5 29. h4 Qh6 30. hxg5 Rxg5 31. Bf2 Rxg1 32. Bxg1 Bd7 33. Be3 Nf4 34. Bd3 Rg8 35. Qc1 Rg3 36. Rh1 Rh3 37. Rxh3 Qxh3 38. Qf1 Qh4 39. Ka2 Kg7 40. Be2 Kf8 41. Bd3 Be8 42. Bxf4 Qxf4 43. Qg2 Ba4 44. Qg4 Qd2 45. f6 Qxd3 46. Qc8+ Be8 47. Qd8 Qxc4+ 48. Ka1 Qf1+ 49. Ka2 Qc4+ 50. Ka1 Qa4 51. Qe7+ Kg8 52. Qxd6 Qd1+ 53. Ka2 Ba4 54. Qb8+ Kh7 55. b4 Bb3+ 56. Kb2 Qc2+ 57. Ka1 Qa2# 0-1


[Site "https://www.chess.com"]

[Event "Titled Tuesday Blitz May 4 2021"]
[White "Jobava, Baadur"]
[Black "Oliveira, Silvio Eduardo"]
[WhiteFideId "13601520"]
[BlackFideId "2111560"]
[WhiteElo "2748"]
[BlackElo "2302"]
[Result "0-1"]
[Round "03"]
[TimeControl "180+1"]
[Date "2021.05.04"]
[WhiteClock "0:00:20"]
[BlackClock "0:00:16"]

1. d4 Nf6 2. Nc3 d5 3. Bf4 e6 4. Nb5 Na6 5. e3 c6 6. Nc3 Nb8 7. Nf3 Nbd7 8. Bd3 Bb4 9. O-O O-O 10. h3 c5 11. Nb5 c4 12. Be2 Ne8 13. a3 Be7 14. Nc3 Nd6 15. Re1 Nf6 16. Nd2 b5 17. Bf3 Bb7 18. b4 a6 19. a4 Qd7 20. Qb1 Bc6 21. axb5 axb5 22. Qb2 Qb7 23. Rxa8 Rxa8 24. Ra1 Ra6 25. g4 Qa7 26. Rxa6 Qxa6 27. Kg2 Nfe4 28. Bxe4 Nxe4 29. Ndxe4 dxe4 30. Ne2 Qa4 31. c3 g5 32. Bc7 f5 33. Ng3 f4 34. exf4 e3+ 35. Kh2 Qb3 36. Qe2 Qxc3 37. f5 Qd2 38. Qxe3 Qxe3 39. fxe3 exf5 40. Ba5 fxg4 41. Ne2 Bd6+ 42. Kg1 gxh3 43. Kf2 h2 0-1


[Site "https://www.chess.com"]

[Event "Titled Tuesday Blitz May 4 2021"]
[White "Josse, Mark"]
[Black "Sumaneev, Dmitry"]
[WhiteFideId "414476"]
[BlackFideId "4125312"]
[WhiteElo "2266"]
[BlackElo "2502"]
[Result "1/2-1/2"]
[Round "03"]
[TimeControl "180+1"]
[Date "2021.05.04"]
[WhiteClock "0:00:10"]
[BlackClock "0:00:11"]

1. c4 Nf6 2. Nc3 g6 3. e4 d6 4. d4 Bg7 5. Be2 O-O 6. Nf3 c5 7. O-O cxd4 8. Nxd4 a6 9. h3 Nc6 10. a4 Bd7 11. Be3 Rc8 12. Rc1 Nxd4 13. Bxd4 Bc6 14. Bf3 Qa5 15. b3 b5 16. axb5 axb5 17. Nd5 Bxd5 18. cxd5 Qb4 19. Rc6 Nd7 20. Bxg7 Kxg7 21. Bg4 Rxc6 22. dxc6 Ne5 23. c7 e6 24. Qa1 Kg8 25. Rc1 Rc8 26. Qa6 Rxc7 27. Rxc7 Qe1+ 28. Kh2 Qxf2 29. Qxd6 Nxg4+ 30. hxg4 Qh4+ 31. Kg1 Qe1+ 32. Kh2 Qh4+ 33. Kg1 Qe1+ 34. Kh2 Qh4+ 1/2-1/2


[Site "https://www.chess.com"]

[Event "Titled Tuesday Blitz May 4 2021"]
[White "Juhasz, Agoston"]
[Black "Hoffmann, Asa"]
[WhiteFideId "778346"]
[BlackFideId "2001470"]
[WhiteElo "2211"]
[BlackElo "2117"]
[Result "1-0"]
[Round "03"]
[TimeControl "180+1"]
[Date "2021.05.04"]
[WhiteClock "0:00:07"]
[BlackClock "0:00:02"]

1. e4 d6 2. d4 Nf6 3. Nc3 c6 4. Nf3 Bg4 5. h3 Bh5 6. g4 Bg6 7. Bd3 e6 8. Bg5 Be7 9. Qe2 d5 10. Ne5 dxe4 11. Nxe4 Qxd4 12. Nxg6 Qxb2 13. O-O hxg6 14. Rab1 Qe5 15. Rxb7 Nbd7 16. Rd1 Rxh3 17. f4 Qa5 18. Kg2 Rxd3 19. Rxd3 Nd5 20. Bxe7 Nxf4+ 21. Kf3 Nxe2 22. Rdxd7 Ng1+ 23. Kg2 Qd5 24. Rxd5 cxd5 25. Nd6# 1-0


[Site "https://www.chess.com"]

[Event "Titled Tuesday Blitz May 4 2021"]
[White "Kabanov, Nikolai"]
[Black "Lopez Del Alamo, Antonio"]
[WhiteFideId "4127820"]
[BlackFideId "2227339"]
[WhiteElo "2376"]
[BlackElo "2098"]
[Result "0-1"]
[Round "03"]
[TimeControl "180+1"]
[Date "2021.05.04"]
[WhiteClock "0:00:54"]
[BlackClock "0:00:40"]

1. c4 Nf6 2. Nc3 g6 3. g3 Bg7 4. Bg2 O-O 5. Nf3 d6 6. O-O e5 7. d3 Nc6 8. Rb1 a5 9. a3 h6 10. b4 axb4 11. axb4 Be6 12. b5 Ne7 13. Bb2 Rb8 14. Ra1 b6 15. Ra7 Qd7 16. Qa1 Nc8 17. Ra6 Bh3 18. Nd5 Nxd5 19. Bxh3 Qxh3 20. cxd5 Ne7 21. Qa2 f5 22. Rc1 e4 23. Nd4 f4 24. Ne6 f3 0-1


[Site "https://www.chess.com"]

[Event "Titled Tuesday Blitz May 4 2021"]
[White "Kalashian, David"]
[Black "Costachi, Mihnea"]
[WhiteFideId "13302418"]
[BlackFideId "1217518"]
[WhiteElo "2490"]
[BlackElo "2479"]
[Result "0-1"]
[Round "03"]
[TimeControl "180+1"]
[Date "2021.05.04"]
[WhiteClock "0:00:02"]
[BlackClock "0:00:21"]

1. e4 e5 2. Nf3 Nc6 3. Bb5 a6 4. Ba4 d6 5. O-O Bd7 6. c3 g6 7. d4 Bg7 8. d5 Nce7 9. Bxd7+ Qxd7 10. c4 h6 11. Nc3 f5 12. Ne1 Nf6 13. f3 f4 14. Nd3 O-O 15. c5 Kh8 16. b4 g5 17. a4 h5 18. Ba3 g4 19. b5 Rg8 20. b6 gxf3 21. Rxf3 Ng6 22. Rh3 Bh6 23. bxc7 Qxc7 24. Rc1 dxc5 25. Bxc5 f3 26. Qxf3 Nh7 27. d6 Qd7 28. Rd1 Ng5 29. Qxh5 Nxh3+ 30. Kh1 Kh7 31. Qxh3 Qxh3 32. gxh3 Rad8 33. Nd5 Rgf8 34. Rb1 Rd7 35. Nb6 Rdd8 36. Nc4 Nh4 37. Ndxe5 b5 38. axb5 axb5 39. Nd2 Bxd2 40. Nc6 Rd7 41. e5 Re8 42. Rxb5 Ng6 43. Bd4 Bf4 44. Kg2 Bh6 45. Kf3 Bg7 46. Rd5 Nf8 47. Ke4 Ne6 48. Be3 Rc8 49. Nd4 Nc5+ 50. Kf5 Rf8+ 51. Kg4 Ne4 52. e6 Nf6+ 53. Kh4 Nxd5 54. exd7 Rd8 55. Ne6 Rxd7 0-1


[Site "https://www.chess.com"]

[Event "Titled Tuesday Blitz May 4 2021"]
[White "Kalogeris, Ioannis"]
[Black "Silva, Kaua Marques"]
[WhiteFideId "4239563"]
[BlackFideId "22701168"]
[WhiteElo "2287"]
[BlackElo "2013"]
[Result "1-0"]
[Round "03"]
[TimeControl "180+1"]
[Date "2021.05.04"]
[WhiteClock "0:00:37"]
[BlackClock "0:00:01"]

1. e4 c6 2. d4 d5 3. Nc3 dxe4 4. Nxe4 Nf6 5. Nxf6+ exf6 6. Nf3 Bd6 7. Be3 O-O 8. Qd2 Re8 9. O-O-O Nd7 10. c4 a5 11. c5 Bc7 12. Kb1 Nf8 13. Bd3 Be6 14. Bc2 a4 15. Ka1 Qd5 16. Bb1 Ng6 17. Ne1 Ne7 18. Nd3 Ba5 19. Qc2 Bf5 20. Qe2 a3 21. Nf4 axb2+ 22. Kxb2 Qd7 23. Qc4 Bxb1 24. Rxb1 Nd5 25. Nxd5 cxd5 26. Qb3 b6 27. cxb6 Reb8 28. Ka1 Rxb6 29. Qd3 Rba6 30. Rb2 h6 31. Rc1 Qa4 32. Rc5 Rb6 33. Rxb6 Bxb6 34. Rc2 Qb4 35. Rb2 Qe1+ 36. Rb1 Qa5 37. Qb3 Bc7 38. Rc1 Bd6 39. h4 Bb4 40. h5 Be1 41. Rc2 Kh7 42. Qd3+ Kg8 43. Bf4 Qb4 44. Bc1 Rb8 45. Bb2 Bxf2 46. a3 Qe1+ 47. Ka2 Bg3 48. Rc3 Bd6 49. Rc6 Bf4 50. Qf3 Qe4 51. Qc3 Re8 52. a4 Qxg2 53. a5 Bd2 54. Qc5 Be1 55. a6 Qe2 56. a7 Kh7 57. Qa3 Ra8 58. Rc7 1-0


[Site "https://www.chess.com"]

[Event "Titled Tuesday Blitz May 4 2021"]
[White "Kaminski, Victor"]
[Black "Czopor, Maciej"]
[WhiteFideId "1131630"]
[BlackFideId "21805431"]
[WhiteElo "2181"]
[BlackElo "1939"]
[Result "0-1"]
[Round "03"]
[TimeControl "180+1"]
[Date "2021.05.04"]
[WhiteClock "0:00:03"]
[BlackClock "0:00:04"]

1. d4 Nf6 2. c4 g6 3. Nc3 Bg7 4. e4 d6 5. Be2 O-O 6. g4 Na6 7. g5 Nd7 8. h4 c5 9. d5 Nc7 10. h5 a6 11. hxg6 fxg6 12. Qd3 Rf7 13. Qh3 Nf8 14. Qh4 Rb8 15. a4 b5 16. axb5 axb5 17. cxb5 Bd7 18. Nh3 Nxb5 19. Bxb5 Bxb5 20. Nf4 Bd4 21. Nd1 Qd7 22. Ne3 e5 23. Ne2 Bxe2 24. Kxe2 Qb5+ 25. Ke1 Qd3 26. Ra3 Qb5 27. Ng4 Bxb2 28. Nh6+ Kg7 29. Nxf7 Qb4+ 30. Bd2 Qxa3 31. Qh6+ Kxf7 32. Rh3 Qa1+ 33. Ke2 Qa6+ 34. Ke1 Qa1+ 35. Ke2 Qa6+ 36. Ke1 Qc4 37. Rf3+ Kg8 38. Qh4 Bd4 39. Qg4 Rb1+ 40. Bc1 Rxc1+ 41. Kd2 Qc2# 0-1


[Site "https://www.chess.com"]

[Event "Titled Tuesday Blitz May 4 2021"]
[White "Kanyamarala, Tarun"]
[Black "Suasnabar, Jesus"]
[WhiteFideId "45004714"]
[BlackFideId "3800776"]
[WhiteElo "2086"]
[BlackElo "2002"]
[Result "1-0"]
[Round "03"]
[TimeControl "180+1"]
[Date "2021.05.04"]
[WhiteClock "0:01:07"]
[BlackClock "0:00:07"]

1. d4 e6 2. Nf3 c5 3. e3 d5 4. Bd3 Nc6 5. b3 Nf6 6. Bb2 Bd6 7. Nbd2 O-O 8. a3 Qe7 9. Ne5 cxd4 10. exd4 Bxe5 11. dxe5 Nd7 12. Qh5 g6 13. Qe2 Nc5 14. h4 Nxd3+ 15. cxd3 h6 16. Qe3 Kh7 17. Nf3 d4 18. Nxd4 Nxd4 19. Bxd4 b6 20. h5 Bb7 21. hxg6+ fxg6 22. Qxh6+ Kg8 23. Qh8+ Kf7 24. Rh7+ Ke8 25. Rxe7+ Kxe7 26. Qg7+ Rf7 27. Qxg6 Rd8 28. Be3 Rd7 29. Bg5+ Kf8 30. Qxe6 Bxg2 31. Bh6+ Kg8 32. Qg6+ 1-0


[Site "https://www.chess.com"]

[Event "Titled Tuesday Blitz May 4 2021"]
[White "Kanyamarala, Trisha"]
[Black "Kilpatrick, Callum"]
[WhiteFideId "45004722"]
[BlackFideId "414425"]
[WhiteElo "2074"]
[BlackElo "2489"]
[Result "0-1"]
[Round "03"]
[TimeControl "180+1"]
[Date "2021.05.04"]
[WhiteClock "0:00:08"]
[BlackClock "0:00:43"]

1. e4 e5 2. Nf3 Nc6 3. Bc4 Nf6 4. d3 Be7 5. O-O O-O 6. c3 d6 7. h3 h6 8. Re1 Nh7 9. Nbd2 Ng5 10. Nh4 Nxh3+ 11. gxh3 Bxh4 12. Kg2 Qg5+ 13. Kh1 Bxf2 14. Rf1 Qh4 15. Qf3 Bg3 16. Bxf7+ Kh8 17. Qh5 Rxf7 18. Qxh4 Rxf1+ 19. Nxf1 Bxh4 20. Kg2 Be6 21. Be3 Rf8 22. Nd2 Bg5 23. Bxg5 hxg5 24. Nf3 Bxh3+ 25. Kg3 g4 26. Ng5 Kg8 27. b4 Nd8 28. Rg1 Rf6 29. d4 Nf7 30. dxe5 dxe5 31. Nxh3 gxh3 32. Kxh3 Rh6+ 33. Kg2 Rg6+ 34. Kf1 Rxg1+ 35. Kxg1 Ng5 36. Kf2 Nxe4+ 0-1


[Site "https://www.chess.com"]

[Event "Titled Tuesday Blitz May 4 2021"]
[White "Karacsonyi, Gellert"]
[Black "Vasquez Schroeder, Rodrigo"]
[WhiteFideId "764620"]
[BlackFideId "3400042"]
[WhiteElo "2192"]
[BlackElo "2572"]
[Result "0-1"]
[Round "03"]
[TimeControl "180+1"]
[Date "2021.05.04"]
[WhiteClock "0:00:18"]
[BlackClock "0:00:23"]

1. e4 c5 2. Nf3 d6 3. d4 cxd4 4. Nxd4 Nf6 5. Nc3 a6 6. Bc4 e6 7. O-O b5 8. Bb3 Be7 9. Qf3 Qb6 10. Be3 Qb7 11. Qg3 Nbd7 12. f3 Nc5 13. Qxg7 Rg8 14. Qh6 Bd7 15. Bf2 O-O-O 16. a4 b4 17. Nce2 Rg6 18. Qd2 Rdg8 19. Kh1 Rxg2 20. Ng3 Ncxe4 21. Qd3 Nxf2+ 22. Rxf2 Rxf2 23. Kg1 Ng4 24. Bc4 Ne5 25. Qxh7 Rxg3+ 26. hxg3 Rxf3 27. Nxf3 Qxf3 28. Bxa6+ Kc7 29. Qh2 d5 30. Qf2 Qxf2+ 31. Kxf2 Bc5+ 32. Ke2 f5 33. Bb5 Bc8 34. a5 Nc6 35. c3 bxc3 36. bxc3 d4 37. Bxc6 Kxc6 38. a6 Ba7 39. cxd4 Kb5 40. Kd3 Bxa6 41. Re1 Kc6+ 42. Kc3 Bc8 43. g4 fxg4 44. Rg1 e5 45. Rxg4 Bxg4 46. dxe5 Kd5 0-1


[Site "https://www.chess.com"]

[Event "Titled Tuesday Blitz May 4 2021"]
[White "Karttunen, Mika"]
[Black "Dogan, Mire Deniz"]
[WhiteFideId "502081"]
[BlackFideId "6317456"]
[WhiteElo "2343"]
[BlackElo "1850"]
[Result "1-0"]
[Round "03"]
[TimeControl "180+1"]
[Date "2021.05.04"]
[WhiteClock "0:00:24"]
[BlackClock "0:00:06"]

1. e4 e6 2. d4 d5 3. Nc3 dxe4 4. Nxe4 Nd7 5. Nf3 Ngf6 6. Bd3 Nxe4 7. Bxe4 Nf6 8. Bg5 Be7 9. Bxf6 Bxf6 10. c3 Rb8 11. Qa4+ Qd7 12. Qxa7 Qb5 13. Qa3 Be7 14. Qb3 Qa6 15. a4 Bd7 16. Ne5 f6 17. Bd3 Qd6 18. Nxd7 Qxd7 19. Bc4 Kf7 20. O-O Rhe8 21. Rfe1 Bd6 22. Re3 Re7 23. Rae1 Rbe8 24. Qxb7 Qxa4 25. Bb5 Qa8 26. Bxe8+ Qxe8 27. Qf3 Qb5 28. b4 Qc4 29. g3 c6 30. h4 g6 31. Qe2 Qd5 32. Re4 f5 33. Re3 Kf6 34. Qf3 Qc4 35. Qe2 Qd5 36. Qd3 Kf7 37. c4 f4 38. cxd5 fxe3 39. dxe6+ Rxe6 40. Rxe3 Rf6 41. Rf3 Kg7 42. Rxf6 Kxf6 43. Qf3+ 1-0


[Site "https://www.chess.com"]

[Event "Titled Tuesday Blitz May 4 2021"]
[White "Kaufman, Raymond"]
[Black "Sargsyan, Anna M."]
[WhiteFideId "2015056"]
[BlackFideId "13308130"]
[WhiteElo "2321"]
[BlackElo "2263"]
[Result "0-1"]
[Round "03"]
[TimeControl "180+1"]
[Date "2021.05.04"]
[WhiteClock "0:00:07"]
[BlackClock "0:00:08"]

1. d4 d5 2. Bf4 Nf6 3. e3 c5 4. Nd2 Nc6 5. c3 Bg4 6. Ngf3 e6 7. Qa4 Nd7 8. h3 Bh5 9. Bb5 Qb6 10. O-O a6 11. Bd3 c4 12. Bc2 Qd8 13. Bd1 b5 14. Qc2 Bg6 15. Qc1 b4 16. Bc2 bxc3 17. bxc3 Be7 18. Bxg6 hxg6 19. e4 O-O 20. Re1 Nb6 21. Qc2 a5 22. exd5 exd5 23. Rab1 a4 24. Rb5 a3 25. Reb1 Na4 26. Nf1 Bf6 27. Ne3 Ne7 28. Rb7 Qa5 29. Ng4 Qxc3 30. Qe2 Nf5 31. Be5 Bxe5 32. Qxe5 Qd3 33. Qxd5 Nc3 34. Qe5 Nxb1 35. Ng5 Rae8 36. Qd5 Re1+ 37. Kh2 Qf1 0-1


[Site "https://www.chess.com"]